Map: Oxide LE

Players

A.I. 1 (Very Easy)

  • Race: Terran Terran
  • Spawn Location: 1:00

Lambo - Winner!

  • Race: Zerg Zerg
  • League: Grandmaster
  • Spawn Location: 7:00

VOD

Have the link to the VOD?

Description

Time

  • Played on: March 27, 2021, 11:18 a.m.
  • Length: 4:42
Show
View Real Time Build Order
Export as new Build Order

A.I. 1 (Very Easy) Terran 

Build Orders:  

Get SALT Encoding   

  12  0:00  SCV  
  13  0:13  SCV  
  14  0:18  Supply Depot  
  14  0:37  Refinery  
  14  0:41  Barracks  
  14  1:04  Supply Depot  
  14  1:11  Refinery  
  14  1:28  Barracks Tech Lab  
  14  1:29  Orbital Command  
  14  1:46  Marine  
  15  1:54  SCV  
  16  2:07  SCV  
  17  2:19  SCV  
  18  2:30  Marine  
  18  2:31  SCV  
  20  2:43  SCV  
  21  2:55  SCV  
  22  3:14  Marauder  
  24  4:08  Marine  
  24  4:14  Supply Depot  
  21  4:19  SCV  
Show
View Real Time Build Order
Export as new Build Order

Lambo Zerg - Winner!

Build Orders: Hatch First 

Get SALT Encoding   

  12  0:00  Drone  
  13  0:12  Overlord  
  13  0:17  Drone  
  14  0:30  Drone x2  
  16  0:46  Hatchery  
  15  0:50  Drone  
  15  0:53  Drone  
  18  0:57  Drone  
  18  1:07  Extractor  
  17  1:11  Spawning Pool  
  17  1:15  Drone  
  17  1:18  Drone  
  18  1:28  Drone  
  19  1:38  Drone  
  20  1:49  Drone  
  21  1:58  Zergling x2, Queen x2  
  21  1:59  Zergling x2  
  27  2:09  Drone  
  27  2:11  Overlord  
  28  2:16  Roach Warren  
  28  2:19  Drone  
  28  2:29  Drone  
  29  2:30  Drone  
  29  2:32  Drone  
  31  2:41  Overlord  
  31  2:42  Overlord  
  31  2:53  Drone  
  34  2:58  Roach  
  34  3:05  Roach x4  
  42  3:07  Roach x3  
  42  3:09  Roach  
  50  3:26  Hatchery  
  49  3:27  Ravager  
  49  3:31  Overlord  
  49  3:32  Drone  
  49  3:33  Drone  
  52  3:46  Overlord  
  52  3:49  Drone x5  
  52  3:54  Drone  
  58  3:58  Drone  
  59  4:04  Queen  
  59  4:09  Overlord  
  61  4:12  Drone x2  
  63  4:18  Drone  
  63  4:21  Drone  
  63  4:22  Extractor  
  63  4:23  Drone  
  67  4:24  Drone  
  67  4:28  Drone  
Tags
 
Matchup
TvZ
Player
Lambo
Spawn Locations
Cross Positions
Add a new tag
Caveats
  • Supply blocks, unpowered buildings, or Contaminate may cause inaccurate times.
  • Supply counts are checked every 10 seconds.